 Dungeon Crawl Stone Soup version 0.26.1-2-gb8aa6d0cf2 (webtiles) character file.

Game seed: 9696413817208796

116151 McKennaii the Eclecticist (level 16, -13/79 HPs)
             Began as a Deep Elf Fire Elementalist on Feb 10, 2021.
             Was a High Priest of Vehumet.
             Killed from afar by OdinFK's ghost (28 damage)
             ... with a bolt of lightning
             ... on level 3 of the Lair of Beasts.
             The game lasted 02:04:15 (36771 turns).

McKennaii the Eclecticist (DEFE)                   Turns: 36771, Time: 02:04:15

Health: -13/79     AC: 11    Str:  5    XL:     16   Next: 20%
Magic:  32/42      EV: 29    Int: 32    God:    Vehumet [*****.]
Gold:   1876       SH:  7    Dex: 15    Spells: 12/56 levels left

rFire    + + .     SeeInvis .   O - staff of conjuration
rCold    . . .     Faith    .   j - +2 buckler
rNeg     . . .     Spirit   .   E - +2 robe {Archmagi}
rPois    .         Reflect  .   Q - +0 helmet of the Blessed Realm {rF++ Int+4}
rElec    .         Harm     .   L - +1 cloak {rCorr}
rCorr    +         Rampage  .   C - +0 pair of gloves
Will     +....                  F - +2 pair of boots {Stlth+}
Stlth    ++++......             W - amulet of magic regeneration
HPRegen  0.23/turn              Z - ring of the Hare {EV+8}
MPRegen  0.53/turn              S - ring of wizardry

@: no status effects
A: no striking features
a: Renounce Religion


You were on level 3 of the Lair of Beasts.
You worshipped Vehumet.
Vehumet was extremely pleased with you.
You visited 3 branches of the dungeon, and saw 22 of its levels.
You also visited: Gauntlet and Ice Cave.

You collected 1876 gold pieces.

Inventory:

Armour
 f - the +1 ring mail "Unolabre" {rF+ Regen+ Stlth+}
   (You found it on level 8 of the Dungeon)

   It protects you from fire.
   It increases your rate of regeneration.
   It makes you more stealthy.
 j - a +2 buckler (worn)
 s - a +0 tower shield of protection
 t - a +2 robe of cold resistance
 C - a +0 pair of gloves (worn)
 E - a +2 robe of the Archmagi (worn)
 F - a +2 pair of boots of stealth (worn)
 L - a +1 cloak of preservation (worn)
 Q - the +0 helmet of the Blessed Realm (worn) {rF++ Int+4}
   (You found it in a Gauntlet)

   It affects your intelligence (+4).
   It greatly protects you from fire.
 U - the +1 robe of Twilight {+Fly Str+4 Dex+2 Slay+2}
   (You found it on level 13 of the Dungeon)

   It affects your strength (+4).
   It affects your dexterity (+2).
   It affects your accuracy and damage with ranged weapons and melee attacks
   (+2).
   It lets you fly.
Magical Staves
 O - an uncursed staff of conjuration (weapon)
Jewellery
 o - an uncursed ring of protection from fire
 S - a ring of wizardry (right hand)
 W - an amulet of magic regeneration (around neck)
 X - an uncursed ring of ice
 Y - an uncursed ring of positive energy
 Z - the ring of the Hare (left hand) {EV+8}
   (You found it in a Gauntlet)

   [ring of evasion]

   It affects your evasion (+8).
Wands
 a - a wand of iceblast (9)
 l - a wand of polymorph (8)
 m - a wand of paralysis (31)
 y - a wand of random effects (44)
 G - a wand of flame (57)
 K - a wand of disintegration (20)
 P - a wand of digging (18)
 V - a wand of acid (9)
Scrolls
 c - 7 scrolls of enchant weapon
 e - 2 scrolls of identify
 k - 7 scrolls of amnesia
 p - 2 scrolls of magic mapping
 u - 8 scrolls of remove curse
 x - 4 scrolls of enchant armour
 z - a scroll of summoning
 D - 3 scrolls of teleportation
 I - a scroll of silence
 N - a scroll of fog
 R - 2 scrolls of blinking
 T - 4 scrolls of fear
Potions
 b - 2 potions of magic
 d - 8 potions of curing
 g - a potion of might
 h - 3 potions of flight
 i - 5 potions of brilliance
 n - 2 potions of heal wounds
 q - 3 potions of resistance
 v - 3 potions of haste
 A - 11 potions of ambrosia
 B - 2 potions of cancellation {unknown}
 H - 5 potions of berserk rage {unknown}
 J - a potion of mutation {unknown}
 M - a potion of lignification {unknown}


   Skills:
 + Level 1.1 Fighting
 + Level 0.9 Armour
 * Level 12.1 Dodging
 + Level 4.5 Stealth
 - Level 4.0 Shields
 * Level 20.5 Spellcasting
 + Level 13.3 Conjurations
 * Level 8.3 Summonings
 + Level 3.7 Translocations
 * Level 15.5 Fire Magic
 + Level 4.5 Air Magic
 + Level 0.1 Evocations


You had 12 spell levels left.
You knew the following spells:

 Your Spells              Type           Power        Failure   Level
a - Foxfire               Conj/Fire      100%         0%          1
b - Conjure Flame         Conj/Fire      100%         0%          3
c - Fireball              Conj/Fire      68%          1%          5
d - Iskenderun's Mystic   Conj/Tloc      100%         1%          4
e - Summon Lightning Spi  Summ/Air       84%          1%          4
f - Starburst             Conj/Fire      68%          1%          6
g - Orb of Destruction    Conj           66%          1%          7
h - Summon Hydra          Summ           46%          12%         7
i - Spellforged Servitor  Conj/Summ      62%          1%          7

Your spell library contained the following spells:

 Spells                   Type           Power        Failure   Level
 Magic Dart               Conj           100%         0%          1
 Searing Ray              Conj           100%         0%          2
 Sandblast                Erth           98%          1%          1
 Sting                    Tmut/Pois      100%         1%          1
 Corpse Rot               Necr/Air       N/A          1%          2
 Passwall                 Tmut/Erth      40%          1%          2
 Poisonous Vapours        Pois/Air       100%         1%          2
 Sublimation of Blood     Necr           24%          1%          2
 Dazzling Flash           Conj/Hex       100%         1%          3
 Ignite Poison            Fire/Tmut/Pois 78%          1%          3
 Inner Flame              Hex/Fire       89%          1%          3
 Mephitic Cloud           Conj/Pois/Air  100%         1%          3
 Stone Arrow              Conj/Erth      100%         1%          3
 Fulminant Prism          Conj/Hex       53%          1%          4
 Olgreb's Toxic Radiance  Pois           49%          1%          4
 Sticky Flame             Conj/Fire      100%         1%          4
 Bolt of Magma            Conj/Fire/Erth 59%          1%          5
 Irradiate                Conj/Tmut      53%          1%          5
 Iskenderun's Battlesphe  Conj           100%         1%          5
 Summon Forest            Summ/Tloc      41%          1%          5
 Conjure Ball Lightning   Conj/Air       58%          1%          6
 Freezing Cloud           Conj/Ice/Air   51%          1%          6
 Iron Shot                Conj/Erth      53%          1%          6
 Lee's Rapid Deconstruct  Erth           24%          3%          5
 Ice Form                 Ice/Tmut       49%          4%          4
 Petrify                  Tmut/Erth      49%          4%          4
 Silence                  Hex/Air        31%          4%          5
 Alistair's Intoxication  Tmut/Pois      32%          12%         5
 Metabolic Englaciation   Hex/Ice        24%          12%         5
 Eringya's Noxious Bog    Tmut/Pois      24%          17%         6
 Ozocubu's Refrigeration  Ice            24%          17%         6
 Hydra Form               Tmut           24%          52%         6
 Simulacrum               Ice/Necr       24%          52%         6
 Tornado                  Air            37%          100%        9


Dungeon Overview and Level Annotations

Branches:
Dungeon (15/15)            Temple (1/1) D:7            Lair (6/6) D:8
  Swamp (0/4) Lair:3        Snake (0/4) Lair:4        Slime (0/5) Lair:5
    Orc (0/2) D:9          Vaults (0/5) D:14         Depths (0/5) D:15
  IceCv (visited)         Gauntlet (visited)

Altars:
Ashenzari
Cheibriados
Dithmenos
Elyvilon
Fedhas
Gozag
Hepliaklqana
Kikubaaqudgha
Makhleb
Nemelex Xobeh
Okawaru
Qazlal
Ru
Sif Muna
Trog
Uskayaw
Vehumet
Wu Jian
Xom
Yredelemnul
Zin
The Shining One
Beogh
Jiyva

Shops:
D:10 [

Portals:
Trove: D:10 (give +2 gold dragon scales)

Annotations:
Lair:3 1 transporter, OdinFK's ghost, adept TeAE
Lair:6 3 runed translucent doors, Fafes's ghost, journeyman DrFE


Message History

Casting: Fireball (safe; 1% risk of failure)
Confirm with . or Enter, or press ? or * to list all spells.
Casting: Starburst (safe; 1% risk of failure)
Press: ? - help, Dir - look around, f - activate You feel a strong surge of power!
The bolt of fire hits the fire crab.
The fire crab completely resists.
The bolt of fire hits OdinFK's ghost!!
OdinFK's ghost resists.
OdinFK's ghost is moderately damaged.
The fire crab bites you.
You are engulfed in flames.
You resist. The fire crab claws you!
You are engulfed in flames.
You resist.
Unknown command.
The fire crab completely misses you.
The fire crab claws you but does no damage.
OdinFK's ghost waves its arms in wide circles.
The air twists around and strikes you!!
* * * LOW HITPOINT WARNING * * *
OdinFK's ghost casts a spell at you.
The bolt of lightning hits the fire crab!!
The bolt of lightning misses you. The bolt of lightning hits you!!
You die...

...............#####
............©......#
.....#..#########..#
.......##8$$?(.8##.#
.......#.........#.##
.......#.##...##.#..#
.......#.##...##.#.##
##..#..#....©Wt..#.##
####..#.##...##@#..#
#..#.##...##.#..#
#..#....†...©#.P#
#..##8.....8##.##
#...#########..#
#.......©.....##
##........##.#.#
###P#....######
########


You could see a fire crab and OdinFK's ghost.

Vanquished Creatures
  Agnes (D:15)
  A frost giant (IceCv)
  Nessos (D:14)
  A minotaur (Gauntlet)
  A fire dragon (D:15)
  Josephine (D:14)
  A vault guard (D:14)
  A boulder beetle (D:15)
  2 catoblepae (Lair:6)
  17 hydras
  15 two-headed ogres
  3 centaur warriors
  8 death yaks
  3 ogre magi
  A tengu warrior (D:15)
  A soul eater (Gauntlet)
  Urug (Lair:5)
  2 unseen horrors
  2 wizards (D:14)
  Pikel (D:6)
  A necromancer (D:14)
  3 deep elf magi
  An orc knight (D:15)
  6 ugly things
  A manticore (D:14)
  4 oklob plants (Lair:3)
  An orc sorcerer (D:15)
  12 elephants
  A cyclops (D:14)
  5 black mambas
  An ice statue (IceCv)
  Maurice (D:10)
  2 naga magi (D:15)
  A smoke demon (Gauntlet)
  9 cane toads
  2 kobold demonologists (D:13)
  A hellion (Gauntlet)
  An efreet (D:15)
  14 komodo dragons
  15 rime drakes
  A tengu conjurer (D:15)
  A freezing wraith (D:15)
  A queen bee (D:11)
  2 trolls
  17 polar bears
  2 tyrant leeches (Lair:3)
  31 blink frogs
  A slime creature (shapeshifter) (D:10)
  4 wraiths
  12 wyverns
  19 humans
  15 basilisks
  65 yaks
  4 fire bats (Lair:5)
  2 steam dragons
  10 vampire mosquitoes
  Edmund (D:4)
  2 swamp worms (Lair:3)
  A soldier ant (D:14)
  17 water moccasins
  A hornet zombie (D:13)
  15 orc warriors
  2 ice beasts
  7 black bears
  3 phantoms
  2 sky beasts
  16 ogres
  26 wolves
  20 centaurs
  4 lemures (D:6)
  A nameless horror (Lair:4)
  2 big kobolds
  28 bullfrogs
  4 scorpions
  29 killer bees
  5 howler monkeys
  3 wights (D:10)
  5 electric eels (D:8)
  3 centaur zombies
  2 crimson imps (Gauntlet)
  2 bullfrog zombies
  A quasit (D:10)
  3 centaur skeletons
  4 jellies
  13 hounds
  20 orc wizards
  6 orc priests
  6 bullfrog skeletons
  4 iguanas
  Ijyb (D:4)
  24 hell rats
  8 worker ants
  2 hound zombies
  A hound skeleton (D:9)
  16 adders
  3 shadow imps (Gauntlet)
  A white imp (D:9)
  2 ufetubi (D:8)
  An ooze (D:4)
  An adder skeleton (D:7)
  An adder zombie (D:6)
  4 worms
  A dart slug (D:1)
  7 leopard geckos
  62 orcs
  5 bats (D:1)
  6 giant cockroaches
  2 goblins (D:2)
  9 hobgoblins
  16 jackals
  6 quokkas
  2 frilled lizards
  A giant cockroach zombie (D:5)
  A jackal skeleton (D:6)
  21 kobolds
  2 leopard gecko skeletons (D:4)
  2 leopard gecko zombies
  8 rats
  A spectral orc (D:3)
  A demonic plant (Gauntlet)
809 creatures vanquished.

Vanquished Creatures (collateral kills)
  A centaur skeleton (D:15)
  A polar bear (Lair:3)
  A yak (IceCv)
  A human (D:14)
  A hell hound (D:14)
  A centaur (D:15)
  17 foxfires
23 creatures vanquished.

Vanquished Creatures (others)
  13 demonic plants (Gauntlet)
  2629 foxfires
  62 fungi
  80 plants
2784 creatures vanquished.

Grand Total: 3616 creatures vanquished

Notes
Turn   | Place    | Note
-------+----------+-------------------------------------------
     0 | D:1      | McKennaii the Deep Elf Fire Elementalist began the quest
                  | for the Orb.
     0 | D:1      | Reached XP level 1. HP: 10/10 MP: 6/6
   181 | D:1      | Reached XP level 2. HP: 15/15 MP: 6/8
  1264 | D:2      | Reached XP level 3. HP: 19/19 MP: 5/10
  1740 | D:2      | Reached skill level 4 in Spellcasting
  1766 | D:2      | Found an ancient bone altar of Kikubaaqudgha.
  1969 | D:2      | Reached XP level 4. HP: 24/24 MP: 9/12
  2998 | D:3      | Found a basalt altar of Yredelemnul.
  3428 | D:3      | Found a snail-covered altar of Cheibriados.
  4072 | D:4      | Reached XP level 5. HP: 28/28 MP: 5/13
  4144 | D:4      | Reached skill level 5 in Fire Magic
  4148 | D:4      | Reached skill level 5 in Spellcasting
  4482 | D:4      | Reached XP level 6. HP: 32/32 MP: 9/15
  4534 | D:4      | Noticed Edmund
  5011 | D:4      | Killed Edmund
  5012 | D:4      | Reached skill level 6 in Spellcasting
  5012 | D:4      | Reached XP level 7. HP: 15/36 MP: 9/18
  5433 | D:4      | Noticed Ijyb
  5438 | D:4      | Killed Ijyb
  5742 | D:5      | Entered Level 5 of the Dungeon
  6196 | D:5      | Reached skill level 7 in Spellcasting
  6200 | D:5      | Learned a level 3 spell: Conjure Flame
  6206 | D:5      | Learned a level 5 spell: Fireball
  6218 | D:5      | Learned a level 4 spell: Iskenderun's Mystic Blast
  6609 | D:4      | Found an ornate altar of the Wu Jian Council.
  6647 | D:6      | Reached XP level 8. HP: 41/41 MP: 13/21
  6805 | D:6      | Reached skill level 5 in Conjurations
  6807 | D:6      | Reached skill level 8 in Spellcasting
  7217 | D:6      | Found a white marble altar of Elyvilon.
  7236 | D:6      | Reached skill level 9 in Spellcasting
  7675 | D:6      | Noticed Pikel
  7726 | D:5      | Reached XP level 9. HP: 9/45 MP: 18/24
  8204 | D:6      | Killed Pikel
  8205 | D:6      | Reached skill level 10 in Spellcasting
  8408 | D:6      | Reached skill level 5 in Dodging
  8630 | D:7      | Found a staircase to the Ecumenical Temple.
  8735 | Temple   | Entered the Ecumenical Temple
  9361 | D:7      | Found a hide-covered altar of Uskayaw.
  9539 | D:7      | Found a burning altar of Makhleb.
  9578 | D:7      | Found a sacrificial altar of Ru.
  9894 | D:8      | Reached skill level 11 in Spellcasting
  9932 | D:8      | Noticed a two-headed ogre
  9955 | D:8      | HP: 2/45 [two-headed ogre/+0 giant club (11)]
 10698 | D:8      | Reached XP level 10. HP: 46/50 MP: 21/27
 10744 | D:8      | Found a staircase to the Lair.
 11153 | D:8      | Killed a two-headed ogre
 11381 | Lair:1   | Entered Level 1 of the Lair of Beasts
 11501 | D:8      | Reached skill level 12 in Spellcasting
 11543 | D:8      | Got a spiked ring mail
 11554 | D:8      | Identified the cursed +1 ring mail "Unolabre" {rF+ Regen+
                  | Stlth+} (You found it on level 8 of the Dungeon)
 11763 | Temple   | Became a worshipper of Vehumet
 11999 | D:8      | Found a white marble altar of Elyvilon.
 11999 | D:8      | Found a shimmering altar of Xom.
 13055 | D:8      | Reached skill level 10 in Fire Magic
 13464 | D:9      | Reached * piety under Vehumet
 13464 | D:9      | Offered knowledge of Shock by Vehumet.
 13600 | D:9      | Found a roughly hewn altar of Beogh.
 13600 | D:9      | Found a staircase to the Orcish Mines.
 13849 | D:10     | Entered Level 10 of the Dungeon
 13852 | D:10     | Noticed a centaur warrior
 13867 | D:10     | Killed a centaur warrior
 13868 | D:10     | Reached skill level 13 in Spellcasting
 13873 | D:10     | Noticed a two-headed ogre
 14208 | D:10     | Reached XP level 11. HP: 55/55 MP: 22/30
 14445 | D:10     | Found Zaop's Armour Shop.
 14782 | D:10     | Killed a two-headed ogre
 14783 | D:10     | Reached skill level 1 in Shields
 14881 | D:10     | Found a portal to a secret trove of treasure.
 15172 | D:10     | Noticed Maurice
 15181 | D:10     | Killed Maurice
 15598 | D:10     | Reached skill level 1 in Fighting
 15709 | D:10     | Reached ** piety under Vehumet
 15709 | D:10     | Offered knowledge of Sandblast by Vehumet.
 15939 | D:11     | Reached skill level 14 in Spellcasting
 15976 | D:11     | Noticed a cyan ugly thing
 15983 | D:11     | Killed a cyan ugly thing
 16178 | D:11     | Reached skill level 10 in Conjurations
 16615 | D:11     | Noticed a two-headed ogre
 16619 | D:11     | Killed a two-headed ogre
 16793 | D:11     | Noticed a boulder beetle
 16837 | D:11     | Offered knowledge of Mephitic Cloud by Vehumet.
 16843 | D:11     | Learned a level 4 spell: Summon Lightning Spire
 17588 | D:11     | Reached *** piety under Vehumet
 17762 | D:11     | Reached XP level 12. HP: 60/60 MP: 18/32
 18183 | D:12     | Offered knowledge of Airstrike by Vehumet.
 18199 | D:12     | Reached skill level 1 in Summonings
 19233 | D:12     | Noticed a two-headed ogre
 19239 | D:12     | Killed a two-headed ogre
 19701 | Lair:1   | Noticed a five-headed hydra
 19710 | Lair:1   | Killed a five-headed hydra
 19711 | Lair:1   | Reached skill level 1 in Air Magic
 19808 | Lair:1   | Reached skill level 15 in Spellcasting
 20098 | Lair:1   | Noticed a six-headed hydra
 20101 | Lair:1   | Killed a six-headed hydra
 20935 | Lair:2   | Noticed a seven-headed hydra
 20937 | Lair:2   | Killed a seven-headed hydra
 21189 | Lair:2   | Noticed a five-headed hydra
 21196 | Lair:2   | Killed a five-headed hydra
 21199 | Lair:2   | Reached **** piety under Vehumet
 21630 | Lair:2   | Offered knowledge of Ignite Poison by Vehumet.
 21678 | Lair:2   | Reached skill level 16 in Spellcasting
 21678 | Lair:2   | Reached XP level 13. HP: 64/64 MP: 27/35
 23192 | Lair:3   | Found a staircase to the Swamp.
 23504 | Lair:3   | Reached skill level 1 in Translocations
 23784 | Lair:3   | Found a transporter.
 23787 | Lair:3   | Found a transporter.
 23790 | Lair:3   | Noticed OdinFK's ghost (adept TeAE)
 24293 | Lair:4   | Found a staircase to the Snake Pit.
 24569 | Lair:4   | Got an ichor-stained rapier
 24571 | Lair:4   | Identified the cursed +1 rapier of Zoulire {vorpal, rC-
                  | Int+3 Dex+5} (You found it on level 4 of the Lair of
                  | Beasts)
 25296 | Lair:4   | Reached skill level 10 in Dodging
 25814 | Lair:4   | Reached ***** piety under Vehumet
 25817 | Lair:4   | Offered knowledge of Freezing Cloud by Vehumet.
 25843 | Lair:4   | Reached skill level 17 in Spellcasting
 27456 | Lair:5   | Noticed Urug
 27459 | Lair:5   | Killed Urug
 27555 | Lair:5   | Reached XP level 14. HP: 70/70 MP: 31/37
 27618 | Lair:5   | Found a viscous altar of Jiyva.
 27618 | Lair:5   | Found a staircase to the Slime Pits.
 27883 | Lair:6   | Entered Level 6 of the Lair of Beasts
 27943 | Lair:6   | Reached skill level 5 in Summonings
 29004 | Lair:6   | Reached skill level 18 in Spellcasting
 29531 | Lair:6   | Noticed Fafes's ghost (journeyman DrFE)
 29790 | Lair:6   | Found a runed translucent gate.
 29791 | Lair:6   | Found a runed translucent gate.
 29793 | Lair:6   | Found a runed translucent gate.
 30284 | Lair:3   | Offered knowledge of Starburst by Vehumet.
 30292 | Lair:3   | Learned a level 6 spell: Starburst
 30655 | D:13     | Got a transparent robe
 30667 | D:13     | Identified the +1 robe of Twilight {+Fly Str+4 Dex+2
                  | Slay+2} (You found it on level 13 of the Dungeon)
 30903 | D:13     | Found a frozen archway.
 30912 | IceCv    | Entered an ice cave
 31741 | IceCv    | Reached XP level 15. HP: 74/74 MP: 33/39
 31747 | IceCv    | Offered knowledge of Orb of Destruction by Vehumet.
 31893 | IceCv    | Learned a level 7 spell: Orb of Destruction
 31938 | IceCv    | Noticed a frost giant
 31946 | IceCv    | Killed a frost giant
 32426 | D:13     | Reached skill level 19 in Spellcasting
 32958 | D:13     | You fall into a shaft and drop 1 floor!
 33069 | D:14     | Noticed Josephine
 33072 | D:14     | Killed Josephine
 33073 | D:14     | Noticed Nessos
 33397 | D:14     | Reached skill level 15 in Fire Magic
 33409 | D:13     | Learned a level 7 spell: Summon Hydra
 33764 | D:14     | Offered knowledge of Spellforged Servitor by Vehumet.
 33773 | D:14     | Learned a level 7 spell: Spellforged Servitor
 33879 | D:14     | Killed Nessos
 34291 | D:14     | Found a gate to the Vaults.
 34381 | D:15     | Entered Level 15 of the Dungeon
 34425 | D:15     | Found a gate leading to a gauntlet.
 34448 | Gauntlet | Entered a Gauntlet
 34448 | Gauntlet | Found a transporter.
 34448 | Gauntlet | Found a transporter.
 34448 | Gauntlet | Found a transporter.
 34449 | Gauntlet | Found a transporter.
 34453 | Gauntlet | Found a transporter.
 34454 | Gauntlet | Found a transporter.
 34460 | Gauntlet | Found a runed translucent door.
 34461 | Gauntlet | Found a transporter.
 34462 | Gauntlet | Found a transporter.
 34463 | Gauntlet | Found a transporter.
 34465 | Gauntlet | Found a transporter.
 34472 | Gauntlet | Found a transporter.
 34475 | Gauntlet | Found a transporter.
 34476 | Gauntlet | Found the ring of the Hare {EV+8}
 34880 | Gauntlet | Got a pitted helmet
 34886 | Gauntlet | Identified the +0 helmet of the Blessed Realm {rF++ Int+4}
                  | (You found it in a Gauntlet)
 35059 | Gauntlet | Got a pitted diamond amulet
 35325 | D:15     | Noticed Agnes
 35328 | D:15     | Killed Agnes
 35550 | D:15     | Reached skill level 20 in Spellcasting
 35898 | D:15     | Reached XP level 16. HP: 79/79 MP: 28/42
 36027 | D:15     | Found a staircase to the Depths.
 36489 | D:15     | Identified the amulet of Miracles {Reflect +Inv Will- Str+4
                  | SH+5} (You found it in a Gauntlet)
 36771 | Lair:3   | Killed from afar by OdinFK's ghost

Illustrated notes

Levels and vault maps discovered:
D:1:      evilmike_arrival_home_sweet_home, layout_basic
D:2:      layout_basic, lemuel_doored_altar, serial_co_window_serial,
          co_window_corner_a, co_window_corner_a, co_window_corner_a,
          co_window_paths_a, co_window_paths_a, co_window_unsneaky_path_b,
          co_window_corner_cb, co_window_corner_b, co_window_unsneaky_path_e,
          co_window_paths_c, co_window_cross_4
D:3:      layout_loops_ring, lemuel_round_altar,
          yredelemnul_forgotten_temple_becter
D:4:      layout_cave_pools, nicolae_overflow_hidden_temple, uniq_ijyb,
          uniq_edmund
D:5:      layout_cave_pods
D:6:      minmay_spotlight, layout_cave_pools, serial_column_ruins,
          column_ruins_hut, column_ruins_hut_ruined,
          column_ruins_corridor_straight, column_ruins_columns_corner,
          column_ruins_columns_corner, grunt_decor_arrowhead, elyvilon_altar_3,
          uniq_pikel
D:7:      layout_rooms, nicolae_ru_the_path_less_chosen, old_standard_altar,
          overflow_temple_1_default, minmay_temple_entry_ruins,
          minmay_misc_feat_x, chequers_garden
D:8:      layout_basic, gammafunk_temple_overflow_elements, erik_lair_island,
          roderic_roman_lattice, interstate_on_off
D:9:      layout_basic, david_orc_5
D:10:     layout_loops_ring, enter_trove_2, serial_shops, shop,
          amcnicky_mini_pool_medium, uniq_maurice
D:11:     layout_grid_maze, serial_rivers, chequers_serial_rivers_marsh,
          chequers_serial_rivers_large_b, chequers_serial_rivers_small_a,
          chequers_serial_rivers_micro_d, chequers_serial_rivers_micro_e,
          special_room [special_room_bee]
D:12:     layout_grid_maze
D:13:     layout_gridville, portal_ice_cave_entry_pillars_1,
          lemuel_flamethrower_3
D:14:     layout_rooms, grunt_vaults_entry_tiered, special_room
          [special_room_mythical_zoo], uniq_nessos, uniq_josephine
D:15:     grunt_enter_depths_magical_seal, layout_rooms, gauntlet_entry_generic,
          serial_corexii_hall, chequers_hall_statues_corner_a,
          corexii_hall_statues_u, minmay_misc_feat_tower, uniq_agnes
Temple:   oiseaux_autumnal_temple
Lair:1:   layout_cave_pods, grunt_megastairs_4
Lair:2:   layout_regular_city, beast_lair_carwin_2, grunt_megastairs_1,
          serial_bayou_shore_b
Lair:3:   dpeg_oklob_gauntlet, layout_hall_layers, minmay_swamp_entry_worms,
          gammafunk_ghost_arena
Lair:4:   layout_layer_cave, minmay_snake_entry_six_corridors, special_room
          [special_room_mythical_zoo], grunt_megastairs_5, serial_bayou_shore_a,
          infiniplex_staircase_pool
Lair:5:   layout_gridlike, dpeg_slime_entry_enclosed_altar, grunt_megastairs_2,
          serial_bayou_shore_b, uniq_urug
Lair:6:   due_jungle_book, layout_concentric_octagons,
          maelrawn_ghost_gauntlet_escape, lemuel_fruit_tree

Skill      XL: |  1  2  3  4  5  6  7  8  9 10 11 12 13 14 15 16 |
---------------+-------------------------------------------------+-----
Fire Magic     | 4 5 6 8 9 10 11 12 13 14 15 | 15.5
Spellcasting   | 4 5 6 7 9 11 13 14 16 17 18 20 | 20.5
Conjurations   | 2 3 4 6 7 9 10 11 12 13 | 13.3
Dodging        | 3 4 5 7 8 9 10 11 12 | 12.1
Stealth        | 3 4 |  4.5
Shields        | 2 3 4 |  4.0
Fighting       | 1 |  1.1
Summonings     | 3 4 6 8 |  8.3
Air Magic      | 3 4 |  4.5
Translocations | 2 3 |  3.7
Armour         | |  0.9
Evocations     | |  0.1

Action                   |  1- 3 |  4- 6 |  7- 9 | 10-12 | 13-15 | 16-18 || total
-------------------------+-------+-------+-------+-------+-------+-------++-------
Melee: Unarmed           |     9 |    10 |       |       |       |       ||    19
       Flail             |       |       |    41 |   117 |       |       ||   158
       Staff             |       |       |       |    13 |    22 |       ||    35
 Cast: Foxfire           |    74 |   130 |   351 |   573 |   450 |       ||  1578
       Conjure Flame     |       |       |     2 |     8 |     2 |       ||    12
       Fireball          |       |       |       |    81 |   277 |    27 ||   385
       Iskenderun's Myst |       |       |       |    22 |   120 |     3 ||   145
       Summon Lightning  |       |       |       |       |     4 |       ||     4
       Starburst         |       |       |       |       |    12 |     1 ||    13
       Orb of Destructio |       |       |       |       |     7 |       ||     7
       Spellforged Servi |       |       |       |       |     3 |       ||     3
Evoke: Wand              |       |       |       |       |     8 |       ||     8
  Use: Scroll            |       |     3 |    13 |     5 |    12 |     1 ||    34
       Potion            |       |     1 |     3 |     5 |     6 |       ||    15
Armor: Robe              |     4 |     8 |    10 |    78 |    19 |     1 ||   120
       Skin              |       |       |    20 |       |       |       ||    20
       Ring mail         |       |       |       |       |     4 |       ||     4
Dodge: Dodged            |     9 |    33 |    73 |   179 |   110 |     2 ||   406
Block: Buckler           |       |       |       |    60 |    46 |       ||   106
